 Dungeon Crawl Stone Soup version 0.27-a0-789-g6bb3289e1e (webtiles) character file.

Game seed: 15958342121530649975

245 rageheart7 the Ducker (level 6, -1/46 (53) HPs)
             Began as a Gnoll Monk on Mar 27, 2021.
             Was a Believer of Qazlal.
             Slain by a hornet (12 damage)
             ... while paralysed by a hornet
             ... on level 4 of the Dungeon.
             The game lasted 00:03:50 (3225 turns).

rageheart7 the Ducker (Gnoll Monk)                  Turns: 3225, Time: 00:03:50

HP:   -1/46 (53)    AC:  5    Str: 13    XL:     6   Next: 10%
MP:   8/8           EV:  2    Int:  9    God:    Qazlal [**....]
Gold: 172           SH:  0    Dex: 14    Spells: 8/8 levels left

rFire    . . .     SeeInvis .   a - +0 mace
rCold    . . .     Faith    .   (no shield)
rNeg     . . .     Spirit   .   c - +0 ring mail
rPois    .         Reflect  .   (no helmet)
rElec    .         Harm     .   (no cloak)
rCorr    .         Rampage  .   (no gloves)
Will     .....                  (no boots)
Stlth    ++........             (no amulet)
HPRegen  0.15/turn              (no ring)
MPRegen  0.11/turn              (no ring)

@: paralysed, lethally poisoned (-1 -> -7), slowed, heavily drained
A: fangs 1, strong nose, distributed training
a: Renounce Religion, Upheaval


You were on level 4 of the Dungeon.
You worshipped Qazlal.
Qazlal was pleased with you.
You visited 1 branch of the dungeon, and saw 4 of its levels.

You collected 172 gold pieces.

Inventory:

Hand Weapons
 a - a +0 mace (weapon)
Armour
 c - a +0 ring mail (worn)
Wands
 g - a wand of mindburst (8)
Potions
 e - 2 potions of cancellation
 i - 3 potions of lignification


   Skills:
 + Level 6.8 Fighting
 + Level 1.8 Short Blades
 + Level 1.8 Long Blades
 + Level 1.8 Axes
 + Level 6.8 Maces & Flails
 + Level 1.8 Polearms
 + Level 1.8 Staves
 + Level 1.8 Slings
 + Level 1.8 Bows
 + Level 1.8 Crossbows
 + Level 1.8 Throwing
 + Level 1.8 Armour
 + Level 6.8 Dodging
 + Level 4.5 Stealth
 + Level 1.8 Shields
 + Level 1.8 Unarmed Combat
 + Level 1.8 Spellcasting
 + Level 1.4 Conjurations
 + Level 1.4 Hexes
 + Level 1.4 Summonings
 + Level 1.4 Necromancy
 + Level 1.4 Translocations
 + Level 1.4 Transmutations
 + Level 1.4 Fire Magic
 + Level 1.4 Ice Magic
 + Level 1.4 Air Magic
 + Level 1.4 Earth Magic
 + Level 1.4 Poison Magic
 + Level 2.0 Invocations
 + Level 1.8 Evocations


You had 8 spell levels left.
You didn't know any spells.
Your spell library contained the following spells:

 Spells                   Type           Power      Damage    Failure   Level
 Beastly Appendage        Tmut           6%         N/A       38%         1
 Wereblood                Tmut           3%         N/A       52%         2
 Spider Form              Tmut/Pois      1%         N/A       77%         3
 Ice Form                 Ice/Tmut       3%         N/A       99%         4
 Blade Hands              Tmut           1%         N/A       100%        5


Dungeon Overview and Level Annotations

Branches:
Dungeon (4/15)
 Temple: D:4-7

Altars:
Gozag
Qazlal


Innate Abilities, Weirdness & Mutations

You have very sharp teeth.
Your uncanny sense of smell can sniff out nearby items.
Your experience applies equally to all skills.


Message History

The adder is heavily wounded.
You feel sick. The adder barely misses you. The adder bites you.
You sock the adder!
You kill the adder!
Qazlal accepts your kill.
You feel sick.
No target in view!
You feel sick.
You feel sick.
You are no longer poisoned.
Key pressed, stopping explore.
No target in view!
You now have 172 gold pieces (gained 5).
Key pressed, stopping explore.
No target in view!
No target in view!
Found a rapier.
No target in view!
A hornet comes into view.
A hornet is nearby!
The hornet buzzes angrily.
Found a scroll labelled BUAJIUP ASKU.
A hornet is nearby!
You miss the hornet. The hornet misses you. The hornet barely misses you.
You closely miss the hornet. You block the hornet's attack.
You hit the hornet but do no damage. You bite the hornet, but do no damage.
The hornet stings you!
You feel yourself slow down. You block the hornet's attack.
You hit the hornet.
The hornet is lightly wounded.
You block the hornet's attack. The hornet closely misses you.
You miss the hornet.
The hornet is lightly wounded.
You block the hornet's attack. The hornet stings you.
You suddenly lose the ability to move!
The hornet stings you!
You are poisoned.
You feel as though you will be slow longer.
You feel very sick. The hornet stings you!
You die...

... #.# #+# #.# #.#
#.# # #.# #.# #. #.#
#.#
#####.##.#####$#######
..............@y......
......................
########.#####..)...?.
#<..............
#...############
#######...........
#............####
#............#
#............#


You could see a hornet.

Vanquished Creatures
  A scorpion (D:2)
  An orc wizard (D:3)
  6 adders
  4 gnolls (D:2)
  3 worms
  5 orcs (D:3)
  5 bats
  6 endoplasms
  2 giant cockroaches
  4 goblins
  4 hobgoblins
  4 jackals (D:2)
  4 quokkas
  4 ball pythons
  2 frilled lizards (D:3)
  7 kobolds
  7 rats
69 creatures vanquished.

Notes
Turn   | Place    | Note
-------+----------+-------------------------------------------
     0 | D:1      | rageheart7 the Gnoll Monk began the quest for the Orb.
     0 | D:1      | Reached XP level 1. HP: 23/23 MP: 1/1
   193 | D:1      | Reached XP level 2. HP: 25/29 MP: 2/2
  1020 | D:2      | Noticed a scorpion
  1032 | D:2      | Killed a scorpion
  1033 | D:2      | Reached skill level 1 in Short Blades
  1033 | D:2      | Reached skill level 1 in Long Blades
  1033 | D:2      | Reached skill level 1 in Axes
  1033 | D:2      | Reached skill level 1 in Polearms
  1033 | D:2      | Reached skill level 1 in Staves
  1033 | D:2      | Reached skill level 1 in Slings
  1033 | D:2      | Reached skill level 1 in Bows
  1033 | D:2      | Reached skill level 1 in Crossbows
  1033 | D:2      | Reached skill level 1 in Throwing
  1033 | D:2      | Reached skill level 1 in Armour
  1033 | D:2      | Reached skill level 1 in Shields
  1033 | D:2      | Reached skill level 1 in Unarmed Combat
  1033 | D:2      | Reached skill level 1 in Spellcasting
  1033 | D:2      | Reached skill level 1 in Invocations
  1033 | D:2      | Reached skill level 1 in Evocations
  1033 | D:2      | Reached XP level 3. HP: 23/35 MP: 2/4
  1033 | D:2      | Reached XP level 4. HP: 28/41 MP: 2/5
  1216 | D:2      | Found a stormy altar of Qazlal.
  1322 | D:2      | Reached skill level 1 in Conjurations
  1322 | D:2      | Reached skill level 1 in Hexes
  1322 | D:2      | Reached skill level 1 in Summonings
  1322 | D:2      | Reached skill level 1 in Necromancy
  1322 | D:2      | Reached skill level 1 in Translocations
  1322 | D:2      | Reached skill level 1 in Transmutations
  1322 | D:2      | Reached skill level 1 in Fire Magic
  1322 | D:2      | Reached skill level 1 in Ice Magic
  1322 | D:2      | Reached skill level 1 in Air Magic
  1322 | D:2      | Reached skill level 1 in Earth Magic
  1322 | D:2      | Reached skill level 1 in Poison Magic
  1328 | D:2      | Reached XP level 5. HP: 20/47 MP: 6/6
  1968 | D:2      | Became a worshipper of Qazlal Stormbringer
  1968 | D:2      | Reached * piety under Qazlal
  1968 | D:2      | Reached ** piety under Qazlal
  2023 | D:3      | Found an opulent altar of Gozag.
  2476 | D:3      | Reached XP level 6. HP: 17/44 MP: 8/8
  2877 | D:3      | Found a faded altar of an unknown god.
  3216 | D:4      | Noticed a hornet
  3224 | D:4      | Paralysed by a hornet for 2 turns
  3225 | D:4      | Slain by a hornet

Illustrated notes

Levels and vault maps discovered:
D:1:      minmay_arrival_stone_box, layout_basic, minmay_strange_pillars
D:2:      layout_rooms, nicolae_qazlal_eye_of_the_storm
D:3:      layout_rooms, old_standard_altar,
          chequers_ecumenical_altar_simple_redux
D:4:      layout_basic, kennysheep_little_box

Skill      XL: |  1  2  3  4  5 |
---------------+----------------+-----
Short Blades   | 1 |  1.8
Long Blades    | 1 |  1.8
Axes           | 1 |  1.8
Polearms       | 1 |  1.8
Staves         | 1 |  1.8
Slings         | 1 |  1.8
Bows           | 1 |  1.8
Crossbows      | 1 |  1.8
Throwing       | 1 |  1.8
Armour         | 1 |  1.8
Shields        | 1 |  1.8
Unarmed Combat | 1 |  1.8
Spellcasting   | 1 |  1.8
Invocations    | 1 2 |  2.0
Evocations     | 1 |  1.8
Conjurations   | 1 |  1.4
Hexes          | 1 |  1.4
Summonings     | 1 |  1.4
Necromancy     | 1 |  1.4
Translocations | 1 |  1.4
Transmutations | 1 |  1.4
Fire Magic     | 1 |  1.4
Ice Magic      | 1 |  1.4
Air Magic      | 1 |  1.4
Earth Magic    | 1 |  1.4
Poison Magic   | 1 |  1.4
Fighting       | |  6.8
Maces & Flails | |  6.8
Dodging        | |  6.8
Stealth        | |  4.5

Action                   |  1- 3 |  4- 6 || total
-------------------------+-------+-------++-------
Melee: Mace              |    49 |   140 ||   189
       Bite              |     2 |    10 ||    12
       Punch             |       |     2 ||     2
  Use: Potion            |       |     5 ||     5
       Scroll            |       |     4 ||     4
 Stab: Sleeping          |     2 |     2 ||     4
       Invisible         |       |     1 ||     1
Armor: Ring mail         |    18 |    63 ||    81
       Robe              |     3 |       ||     3
Dodge: Dodged            |    20 |   129 ||   149
Block: Other             |       |     9 ||     9

Table legend: (Time is in decaauts)
 A = Elapsed time spent in this place.
 B = Non-inter-level travel time spent in this place.
 C = Inter-level travel time spent in this place.
 D = Time resting spent in this place.
 E = Time spent auto-exploring this place.
 F = Levels seen in this place.
 G = Mean time per level.
                   A        B        C        D        E       F      G
               +--------+--------+--------+--------+--------+-----+--------+
         Total |   3239 |   3171 |     68 |    305 |   2399 |   4 |  809.8 |
       Dungeon |   3239 |   3171 |     68 |    305 |   2399 |   4 |  809.8 |
               +--------+--------+--------+--------+--------+-----+--------+

Top non-repeatable levels by time:
     D:3: 1025 daAuts
     D:1: 1022 daAuts
     D:2: 983 daAuts
     D:4: 208 daAuts
